 Dungeon Crawl Stone Soup version 0.29.0-11-gd7f09526c8 (webtiles) character file.

Game seed: 7667026798996081894

80 mtoz the Grasshopper (level 4, 0/38 HPs)
             Began as a Gnoll Warper on Sept 4, 2022.
             Was a Follower of Okawaru.
             Succumbed to a kobold brigand's poison
             ... on level 3 of the Dungeon on Sept 5, 2022.
             The game lasted 00:23:25 (3037 turns).

mtoz the Grasshopper (Gnoll Warper)                 Turns: 3037, Time: 00:23:25

Health: 0/38       AC:  9    Str: 13    XL:     4   Next: 39%
Magic:  9/11       EV: 13    Int: 12    God:    Okawaru [*.....]
Gold:   94         SH:  0    Dex: 11    Spells: 11/13 levels left

rFire   . . .      SeeInvis .   a - +0 hand axe
rCold   . . .      Faith    .   (no shield)
rNeg    . . .      Spirit   .   w - +0 ring mail
rPois   .          Reflect  .   (no helmet)
rElec   .          Harm     .   (no cloak)
rCorr   .          Rampage  .   o - +1 pair of gloves
Will    .....                   (no boots)
Stlth   ++........              (no amulet)
HPRegen 0.12/turn               (no ring)
MPRegen 0.12/turn               (no ring)

@: lethally poisoned (0 -> -6), heroic, studying Stealth, invisible
A: fangs 1, strong nose, distributed training
a: Renounce Religion, Heroism


You were on level 3 of the Dungeon.
You worshipped Okawaru.
Okawaru was aware of your devotion.
You visited 1 branch of the dungeon, and saw 3 of its levels.

You collected 94 gold pieces.

Inventory:

Hand Weapons
 a - a +0 hand axe (weapon)
 g - a +0 dagger
 h - a +0 mace
 n - a +0 whip
 p - a +0 short sword
 s - a +0 spear
 C - a +0 spear
 D - a +0 sling
Missiles
 d - 7 boomerangs of dispersal (quivered)
Armour
 b - a +0 leather armour
 o - a +1 pair of gloves (worn)
 w - a +0 ring mail (worn)
 x - a +0 robe
 B - the +8 chain mail of Awe {Contam rElec rCorr Dex+6}
   (You found it on level 3 of the Dungeon)

   Dex:       It affects your dexterity (+6).
   rElec:     It insulates you from electricity.
   Contam:    It causes magical contamination when unequipped.
   rCorr:     It protects you from acid and corrosion.
 E - a +0 robe
Jewellery
 A - an amulet of reflection
Scrolls
 c - 2 scrolls of blinking
 e - 2 scrolls of amnesia {unknown}
 i - a scroll of poison {unknown}
 k - a scroll of identify
 l - a scroll of noise {unknown}
 m - a scroll of immolation {unknown}
 t - 2 scrolls of enchant armour {unknown}
 u - a scroll of fear {unknown}
 v - a scroll of fog {unknown}
 y - a scroll of silence {unknown}
Potions
 j - a potion of cancellation
 q - a potion of brilliance
 r - a potion of lignification {unknown}
 z - a potion of mutation {unknown}


   Skills:
 + Level 4.6(9.6) Fighting
 + Level 1.2(6.2) Short Blades
 + Level 1.2(6.2) Long Blades
 + Level 4.6(9.6) Axes
 + Level 1.2(6.2) Maces & Flails
 + Level 1.2(6.2) Polearms
 + Level 1.2(6.2) Staves
 + Level 1.2(6.2) Ranged Weapons
 + Level 2.8(7.8) Throwing
 + Level 2.8(7.8) Armour
 + Level 4.6(9.6) Dodging
 + Level 1.4(6.4) Stealth
 + Level 1.2(6.2) Shields
 + Level 1.2(6.2) Unarmed Combat
 + Level 5.1 Spellcasting
 + Level 1.0 Conjurations
 + Level 1.0 Hexes
 + Level 1.0 Summonings
 + Level 1.0 Necromancy
 + Level 5.5 Translocations
 + Level 1.0 Transmutations
 + Level 1.0 Fire Magic
 + Level 1.0 Ice Magic
 + Level 1.0 Air Magic
 + Level 1.0 Earth Magic
 + Level 1.0 Poison Magic
 + Level 1.3 Invocations
 + Level 1.2 Evocations


You had 11 spell levels left.
You knew the following spells:

 Your Spells              Type           Power      Damage    Failure   Level
a - Blink                 Tloc           32%        N/A       6%          2

Your spell library contained the following spells:

 Spells                   Type           Power      Damage    Failure   Level
 Gell's Gravitas          Tloc           16%        N/A       12%         3
 Lesser Beckoning         Tloc           16%        N/A       12%         3
 Teleport Other           Tloc           16%        N/A       12%         3
 Manifold Assault         Tloc           16%        N/A       73%         5


Dungeon Overview and Level Annotations

Branches:
Dungeon (3/15)

Altars:
Elyvilon
Okawaru


Innate Abilities, Weirdness & Mutations

You have very sharp teeth.
Your uncanny sense of smell can sniff out nearby items.
Your experience applies equally to all skills.


Message History

The kobold brigand is heavily wounded.
The kobold brigand closely misses you. The kobold brigand barely misses you.
You hit the kobold brigand.
The kobold brigand is severely wounded.
The kobold brigand hits you with a +2 dagger of speed.
You completely miss the kobold brigand.
You bite the kobold brigand, but do no damage.
The kobold brigand is severely wounded.
The kobold brigand hits you but does no damage.
You barely miss the kobold brigand. Your bite misses the kobold brigand.
The kobold brigand is severely wounded.
The kobold brigand hits you with a +2 dagger of speed.
You barely miss the kobold brigand.
The kobold brigand is severely wounded.
You feel like a meek peon again.
The kobold brigand hits you with a +2 dagger of speed.
You hit the kobold brigand.
The kobold brigand is severely wounded.
The kobold brigand barely misses you.
The kobold brigand hits you with a +2 dagger of speed.
You hit the kobold brigand but do no damage.
The kobold brigand is severely wounded.
The kobold brigand hits you with a +2 dagger of speed!
* * * LOW HITPOINT WARNING * * *
The kobold brigand barely misses you.
You gain the combat prowess of a mighty hero.
The kobold brigand hits you but does no damage.
You hit the kobold brigand but do no damage.
You bite the kobold brigand, but do no damage.
The kobold brigand is severely wounded.
The kobold brigand hits you with a +2 dagger of speed.
* * * LOW HITPOINT WARNING * * *
The kobold brigand attacks as you move away!
The kobold brigand barely misses you.
The kobold brigand throws a poisoned dart.
The poisoned dart hits you!
You are lethally poisoned!
It was a potion of invisibility.
You fade into invisibility!
You die...

.##....####..........##..........
.''....'..'..........'...........
.##....####..........####.......#
######## ######~~~### #.......#
~~~~~~~~# #.......#
.######~~~≈~~~~ ##.......#
......###≈≈≈#####......... ∆
#.....).#####.))........## ∆
#)K.@.....).......##
###.....########..# ####### ∆
.... #####


You could see a kobold brigand (unable to see you).

Vanquished Creatures
  An adder (D:3)
  2 worms (D:2)
  3 ball pythons
  4 bats
  5 endoplasms
  3 giant cockroaches
  5 goblins (D:1)
  6 hobgoblins
  6 jackals
  13 kobolds
  4 quokkas
  4 rats
56 creatures vanquished.

Notes
Turn   | Place    | Note
-------+----------+-------------------------------------------
     0 | D:1      | mtoz the Gnoll Warper began the quest for the Orb.
     0 | D:1      | Reached XP level 1. HP: 20/20 MP: 6/6
    96 | D:1      | Reached XP level 2. HP: 15/26 MP: 7/7
   629 | D:1      | Reached skill level 5 in Spellcasting
   629 | D:1      | Reached XP level 3. HP: 31/31 MP: 7/9
   976 | D:1      | Reached skill level 1 in Invocations
  1288 | D:1      | Found a faded altar of an unknown god.
  1431 | D:1      | Prayed at the altar of an unknown god.
  1431 | D:1      | Became a worshipper of Warmaster Okawaru
  1431 | D:1      | Reached * piety under Okawaru
  1591 | D:1      | Learned a level 2 spell: Blink
  1820 | D:2      | Reached skill level 1 in Short Blades
  1820 | D:2      | Reached skill level 1 in Long Blades
  1820 | D:2      | Reached skill level 1 in Maces & Flails
  1820 | D:2      | Reached skill level 1 in Polearms
  1820 | D:2      | Reached skill level 1 in Staves
  1820 | D:2      | Reached skill level 1 in Ranged Weapons
  1820 | D:2      | Reached skill level 1 in Stealth
  1820 | D:2      | Reached skill level 1 in Shields
  1820 | D:2      | Reached skill level 1 in Unarmed Combat
  1820 | D:2      | Reached skill level 1 in Evocations
  2367 | D:2      | Reached XP level 4. HP: 23/38 MP: 11/11
  2841 | D:3      | Found a white marble altar of Elyvilon.
  2883 | D:3      | Identified the +8 chain mail of Awe {Contam rElec rCorr
                  | Dex+6}
  3010 | D:3      | Noticed a kobold brigand
  3019 | D:3      | Reached skill level 1 in Conjurations
  3019 | D:3      | Reached skill level 1 in Hexes
  3019 | D:3      | Reached skill level 1 in Summonings
  3019 | D:3      | Reached skill level 1 in Necromancy
  3019 | D:3      | Reached skill level 1 in Transmutations
  3019 | D:3      | Reached skill level 1 in Fire Magic
  3019 | D:3      | Reached skill level 1 in Ice Magic
  3019 | D:3      | Reached skill level 1 in Air Magic
  3019 | D:3      | Reached skill level 1 in Earth Magic
  3019 | D:3      | Reached skill level 1 in Poison Magic
  3037 | D:3      | Succumbed to a kobold brigand's poison

Illustrated notes

Levels and vault maps discovered:
D:1:      minmay_arrival_widening_spiral_wide, layout_basic,
          dilly_ecumenical_altar_fadedgnrine, minmay_heptomino_l4
D:2:      layout_basic, minmay_liquid_box, chequers_serial_rivers_marsh,
          minmay_misc_feat_encased, roderic_lattice_a
D:3:      cheibrodos_thug_alley, layout_basic, mainiacjoe_overflow_alcove_2,
          mainiacjoe_overflow_concentric_impassable, minivault_24

Skill      XL: |  1  2  3  4 |
---------------+-------------+-----
Spellcasting   | 5 |  5.1
Invocations    | 1 |  1.3
Short Blades   | 1 |  1.2
Long Blades    | 1 |  1.2
Maces & Flails | 1 |  1.2
Polearms       | 1 |  1.2
Staves         | 1 |  1.2
Ranged Weapons | 1 |  1.2
Stealth        | 1 |  1.4
Shields        | 1 |  1.2
Unarmed Combat | 1 |  1.2
Evocations     | 1 |  1.2
Conjurations   | 1 |  1.0
Hexes          | 1 |  1.0
Summonings     | 1 |  1.0
Necromancy     | 1 |  1.0
Transmutations | 1 |  1.0
Fire Magic     | 1 |  1.0
Ice Magic      | 1 |  1.0
Air Magic      | 1 |  1.0
Earth Magic    | 1 |  1.0
Poison Magic   | 1 |  1.0
Fighting       | |  4.6
Axes           | |  4.6
Throwing       | |  2.8
Armour         | |  2.8
Dodging        | |  4.6
Translocations | |  5.5

Action                   |  1- 3 |  4- 6 || total
-------------------------+-------+-------++-------
Melee: Hand axe          |   153 |    52 ||   205
       Punch             |     3 |     1 ||     4
       Bite              |    12 |     5 ||    17
 Cast: Blink             |     1 |       ||     1
Invok: Heroism           |     1 |     2 ||     3
  Use: Scroll            |     4 |       ||     4
       Potion            |       |     1 ||     1
Armor: Leather armour    |    53 |       ||    53
       Ring mail         |     1 |    20 ||    21
Dodge: Dodged            |    84 |    36 ||   120
